[Event "Titled Tuesday Blitz August 22 Early 2023"]
[White "Zheng, Richard"]
[Black "Polaczek, Richard"]
[WhiteFideId "2624893"]
[BlackFideId "200026"]
[WhiteElo "2570"]
[BlackElo "2401"]
[Result "1-0"]
[Round "3"]
[TimeControl "180+1"]
[Date "2023.08.22"]
[WhiteClock "0:00:19"]
[BlackClock "0:00:02"]
[Board "145"]

1. d4 Nf6 2. Bg5 d5 3. e3 c5 4. Bxf6 gxf6 5. dxc5 e6 6. Nf3 Qa5+ 7. Nbd2 Nc6 8. a3 Qxc5 9. c4 Rg8 10. cxd5 Qxd5 11. Bc4 Qh5 12. Ne4 Be7 13. Ng3 Qa5+ 14. b4 Qb6 15. O-O a5 16. b5 Ne5 17. Nxe5 fxe5 18. Qh5 Bd7 19. Rfc1 Rc8 20. Qxh7 Rf8 21. a4 f5 22. Qg6+ Rf7 23. Nh5 Kf8 24. Qh6+ Kg8 25. Qg6+ Kf8 26. Be2 Rxc1+ 27. Rxc1 Qd6 28. Rd1 Qc7 29. b6 Qc8 30. Qh6+ Kg8 31. e4 Bxa4 32. Rd3 Qc2 33. Rg3+ Bg5 34. Rxg5+ Rg7 35. Qxg7# 1-0


[Site "https://www.chess.com"]

[Event "Titled Tuesday Blitz August 22 Early 2023"]
[White "Gheorghiu, Calin"]
[Black "Sadzikowski, Daniel"]
[WhiteFideId "1200305"]
[BlackFideId "1132253"]
[WhiteElo "2400"]
[BlackElo "2570"]
[Result "0-1"]
[Round "3"]
[TimeControl "180+1"]
[Date "2023.08.22"]
[WhiteClock "0:00:48"]
[BlackClock "0:02:36"]
[Board "146"]

1. e4 c5 2. Nf3 d6 3. d4 cxd4 4. Nxd4 Nf6 5. Nc3 a6 6. Bg5 e6 7. f4 h6 8. Bh4 Qb6 9. Qd2 Qxb2 10. Rb1 Qa3 11. e5 dxe5 12. fxe5 Nfd7 13. Bc4 Be7 14. Bxe7 Qxe7 15. O-O Nxe5 16. Be2 O-O 17. Qf4 Nbc6 18. Nxc6 Nxc6 19. Bd3 Qc5+ 0-1


[Site "https://www.chess.com"]

[Event "Titled Tuesday Blitz August 22 Early 2023"]
[White "Suder, Jakub"]
[Black "Ovezdurdyyeva, Jemal"]
[WhiteFideId "1195310"]
[BlackFideId "14001888"]
[WhiteElo "2569"]
[BlackElo "2383"]
[Result "1-0"]
[Round "3"]
[TimeControl "180+1"]
[Date "2023.08.22"]
[WhiteClock "0:02:29"]
[BlackClock "0:02:27"]
[Board "147"]

1. d4 Nf6 2. c4 e6 3. Nc3 b6 4. a3 Bb7 5. d5 Be7 6. e4 d6 7. Bd3 c6 8. dxe6 fxe6 9. Nf3 Nbd7 10. O-O O-O 11. b4 c5 12. Ng5 Qc8 13. Nxe6 Rf7 14. Ng5 Ne5 15. Nxf7 Kxf7 16. f4 1-0


[Site "https://www.chess.com"]

[Event "Titled Tuesday Blitz August 22 Early 2023"]
[White "Ismagilov, Damir"]
[Black "Rego, Pedro Filipe"]
[WhiteFideId "34199982"]
[BlackFideId "1904310"]
[WhiteElo "2567"]
[BlackElo "2376"]
[Result "1-0"]
[Round "3"]
[TimeControl "180+1"]
[Date "2023.08.22"]
[WhiteClock "0:01:53"]
[BlackClock "0:00:38"]
[Board "148"]

1. d4 Nf6 2. c4 e6 3. Nc3 d5 4. cxd5 Nxd5 5. e4 Nxc3 6. bxc3 c5 7. Rb1 cxd4 8. cxd4 Be7 9. Nf3 O-O 10. Bc4 b6 11. O-O Bb7 12. Qe2 Nc6 13. Rd1 Na5 14. Bd3 Rc8 15. Bf4 h6 16. h3 Nc6 17. d5 exd5 18. exd5 Na5 19. Qe4 f5 20. Qe6+ Kh8 21. d6 Bh4 22. Ne5 Qf6 23. Ng6+ Kh7 24. Nxf8+ Rxf8 25. Qxf6 Rxf6 26. g3 1-0


[Site "https://www.chess.com"]

[Event "Titled Tuesday Blitz August 22 Early 2023"]
[White "Young_Catalan_Player09"]
[Black "Megalios, Konstantinos"]
[BlackFideId "4238044"]
[WhiteElo "2377"]
[BlackElo "2566"]
[Result "0-1"]
[Round "3"]
[TimeControl "180+1"]
[Date "2023.08.22"]
[WhiteClock "0:01:32"]
[BlackClock "0:00:47"]
[Board "149"]

1. d4 Nf6 2. Nf3 e6 3. c4 Bb4+ 4. Bd2 a5 5. g3 d6 6. Bg2 Nbd7 7. O-O e5 8. dxe5 dxe5 9. a3 Bxd2 10. Qxd2 O-O 11. Nc3 c6 12. Rfd1 Qe7 13. e3 Re8 14. Qd6 Qxd6 15. Rxd6 Nc5 16. Rad1 a4 17. Rd8 Bg4 18. Rxa8 Rxa8 19. Rd6 Bxf3 20. Bxf3 Kf8 21. Kf1 Ke7 22. Rd1 Rd8 23. Rxd8 Kxd8 24. Ke2 Ke7 25. h3 g6 26. Kd2 Nfd7 27. Bd1 Nb6 28. Be2 f5 29. Kc2 Kd6 30. Nb1 e4 31. Kc3 Nbd7 32. Nd2 Ne5 33. Kb4 Ned3+ 34. Bxd3 Nxd3+ 35. Kxa4 Nxb2+ 36. Kb3 Nd1 37. f3 exf3 38. Nxf3 Nxe3 39. Ng5 h5 40. a4 Nf1 41. Kb4 Nxg3 42. Ka5 Ne4 43. Kb6 Nxg5 44. Kxb7 Ne4 45. a5 Nc5+ 46. Kb6 f4 0-1


[Site "https://www.chess.com"]

[Event "Titled Tuesday Blitz August 22 Early 2023"]
[White "Wartiovaara, Oliver"]
[Black "Ozalp, Burak"]
[WhiteFideId "513024"]
[BlackFideId "6314210"]
[WhiteElo "2565"]
[BlackElo "2364"]
[Result "0-1"]
[Round "3"]
[TimeControl "180+1"]
[Date "2023.08.22"]
[WhiteClock "0:00:18"]
[BlackClock "0:00:57"]
[Board "150"]

1. Nf3 c5 2. b3 Nf6 3. Bb2 e6 4. e3 Be7 5. d4 O-O 6. Bd3 b6 7. O-O Bb7 8. Nbd2 d5 9. Ne5 Nfd7 10. f4 f5 11. g4 Nxe5 12. fxe5 Ba6 13. gxf5 Bxd3 14. cxd3 exf5 15. dxc5 Nc6 16. cxb6 Qxb6 17. d4 f4 18. Nf3 fxe3 19. Qe2 Rf5 20. Qxe3 Raf8 21. Rf2 Nxe5 22. Raf1 Ng4 23. Qxe7 Nxf2 24. Rxf2 Rxf3 25. Rxf3 Rxf3 26. Kg2 Rf8 27. Qg5 Qe6 0-1


[Site "https://www.chess.com"]

[Event "Titled Tuesday Blitz August 22 Early 2023"]
[White "Senft, Sean"]
[Black "Eynullayev, Altay"]
[WhiteFideId "2044960"]
[BlackFideId "13413562"]
[WhiteElo "2356"]
[BlackElo "2564"]
[Result "0-1"]
[Round "3"]
[TimeControl "180+1"]
[Date "2023.08.22"]
[WhiteClock "0:00:03"]
[BlackClock "0:00:16"]
[Board "151"]

1. d4 Nf6 2. c4 e6 3. Nc3 Bb4 4. Nf3 O-O 5. Bg5 h6 6. Bh4 c5 7. e3 b6 8. Bd3 Bb7 9. O-O cxd4 10. exd4 d5 11. cxd5 Bxc3 12. bxc3 Qxd5 13. Bxf6 gxf6 14. Re1 Nc6 15. Re4 f5 16. Rh4 Kg7 17. Qd2 Rh8 18. Qf4 Rag8 19. Re1 Ne7 20. c4 Qa5 21. Qe5+ Qxe5 22. Nxe5 Rd8 23. d5 exd5 24. cxd5 Bxd5 25. a3 Rhe8 26. Rh3 Ng6 27. Rhe3 Nxe5 28. Rxe5 Rxe5 29. Rxe5 Be4 30. Be2 Rd2 31. Kf1 Ra2 32. f3 Kf6 33. Re8 Bc6 34. Rd8 Ke7 35. Rh8 Rxa3 36. Rxh6 Bd5 37. h4 Be6 38. Rh8 Kf6 39. g4 Kg7 40. Ra8 fxg4 41. fxg4 Ra4 42. Kf2 Bxg4 43. Bxg4 Rxg4 44. Rxa7 Rxh4 45. Rb7 Rb4 46. Ke3 Kg6 47. Kd3 f5 48. Kc3 Rb1 49. Kd4 Kg5 50. Ke5 Re1+ 51. Kd4 f4 52. Rxb6 Kg4 53. Rg6+ Kf3 54. Kd3 Re8 55. Rd6 Kf2 56. Kd2 f3 57. Rd3 Kg2 58. Rd7 f2 59. Rg7+ Kf1 60. Ra7 Rg8 61. Ke3 Kg1 0-1


[Site "https://www.chess.com"]

[Event "Titled Tuesday Blitz August 22 Early 2023"]
[White "Goltseva, Ekaterina"]
[Black "laidfrq"]
[WhiteFideId "24173770"]
[WhiteElo "2564"]
[BlackElo "2347"]
[Result "1-0"]
[Round "3"]
[TimeControl "180+1"]
[Date "2023.08.22"]
[WhiteClock "0:00:42"]
[BlackClock "0:01:04"]
[Board "152"]

1. e4 c5 2. Nf3 e6 3. d4 cxd4 4. Nxd4 a6 5. c4 Nf6 6. Nc3 Bb4 7. Bd3 Nc6 8. Nxc6 dxc6 9. O-O e5 10. Ne2 Bc5 11. Ng3 h5 12. Bg5 Bg4 13. Qb3 h4 14. Nf5 g6 15. Qxb7 gxf5 16. Qxc6+ Kf8 17. Bxf6 Rc8 18. Qxc5+ Rxc5 19. Bxd8 fxe4 20. Bxe4 Rxc4 21. f3 Be6 22. Bf6 Rh6 23. Bxe5 h3 24. Rfd1 hxg2 25. Kxg2 f6 26. Bf4 Rh4 27. Bg3 Bh3+ 28. Kf2 Rh5 29. Rac1 Rhc5 30. Bd6+ 1-0


[Site "https://www.chess.com"]

[Event "Titled Tuesday Blitz August 22 Early 2023"]
[White "Wang2007"]
[Black "Shukhman, Anna"]
[BlackFideId "54180058"]
[WhiteElo "2345"]
[BlackElo "2563"]
[Result "1-0"]
[Round "3"]
[TimeControl "180+1"]
[Date "2023.08.22"]
[WhiteClock "0:00:08"]
[BlackClock "0:01:20"]
[Board "153"]

1. d4 Nf6 2. c4 g6 3. Nf3 Bg7 4. g3 O-O 5. Bg2 d6 6. O-O c5 7. Nc3 cxd4 8. Nxd4 a6 9. b3 Qc7 10. Bb2 Nc6 11. e3 Nxd4 12. exd4 Bf5 13. Re1 e5 14. dxe5 dxe5 15. Nd5 Nxd5 16. Qxd5 Rad8 17. Qxb7 Qa5 18. Rec1 Qd2 19. Bc3 Qd6 20. Qd5 Qc7 21. Qc6 Qa7 22. Rd1 Bd3 23. Be4 Be2 24. Re1 Bg4 25. Bb4 Rc8 26. Qb7 Qxb7 27. Bxb7 e4 28. Bxc8 Rxc8 29. Rac1 f5 30. Bc3 Bh6 31. Rc2 Rd8 32. c5 Bd1 33. Rb2 Bc1 34. Rb1 e3 35. Rxc1 e2 36. c6 Rc8 37. Be5 Kf7 38. b4 Ke6 39. f4 Kd5 40. c7 Ke6 41. Rexd1 exd1=Q+ 42. Rxd1 h5 43. Rd8 Rxc7 44. Bxc7 h4 45. Kf2 g5 46. fxg5 hxg3+ 47. hxg3 f4 48. gxf4 a5 49. g6 Kf6 50. Rd6+ Kg7 51. f5 axb4 52. Rd7+ Kf6 53. Rf7+ Kg5 54. g7 b3 55. g8=Q+ 1-0


[Site "https://www.chess.com"]

[Event "Titled Tuesday Blitz August 22 Early 2023"]
[White "Dom1nant1337"]
[Black "Bashirli, Saadat"]
[BlackFideId "13429990"]
[WhiteElo "2561"]
[BlackElo "2341"]
[Result "0-1"]
[Round "3"]
[TimeControl "180+1"]
[Date "2023.08.22"]
[WhiteClock "0:00:01"]
[BlackClock "0:00:01"]
[Board "154"]

1. d4 Nf6 2. Bg5 d6 3. Nc3 Nbd7 4. e4 g6 5. Qd2 Bg7 6. Bh6 O-O 7. h4 Bxh6 8. Qxh6 Ng4 9. Qf4 h5 10. f3 e5 11. dxe5 dxe5 12. Qd2 Ngf6 13. O-O-O Qe7 14. g4 Nc5 15. g5 Ne8 16. Nd5 Qd6 17. Qc3 Kg7 18. Bh3 Bxh3 19. Nxh3 b6 20. Nf2 Qe6 21. f4 Nd7 22. f5 gxf5 23. exf5 Qxf5 24. Rhf1 Qe6 25. Ne4 c6 26. Ne3 Rd8 27. Nf5+ Kh8 28. Qf3 Qg6 29. Ne7 Qh7 30. Nxc6 Rc8 31. Ne7 Rc7 32. Nd5 Rc5 33. Ne7 Rc7 34. Nd5 Rc6 35. Nef6 Qxc2# 0-1


[Site "https://www.chess.com"]

[Event "Titled Tuesday Blitz August 22 Early 2023"]
[White "Siniauski, Artsiom"]
[Black "Albertini, Luca"]
[WhiteFideId "13512269"]
[BlackFideId "847038"]
[WhiteElo "2560"]
[BlackElo "2341"]
[Result "1-0"]
[Round "3"]
[TimeControl "180+1"]
[Date "2023.08.22"]
[WhiteClock "0:00:46"]
[BlackClock "0:00:02"]
[Board "155"]

1. e4 e5 2. Nf3 Nc6 3. Bb5 a6 4. Ba4 Nf6 5. Bxc6 dxc6 6. d3 Bd6 7. b3 Bg4 8. Bb2 Nd7 9. Nbd2 Qf6 10. h3 Bh5 11. g4 Bg6 12. Nc4 O-O-O 13. Qe2 Rhe8 14. O-O-O Kb8 15. Kb1 h6 16. h4 Qe7 17. Rdg1 h5 18. Nfd2 hxg4 19. Qxg4 Nf6 20. Qg5 Nh5 21. Ne3 Nf4 22. Nf5 Qf8 23. Nc4 f6 24. Qg4 Bxf5 25. Qxf5 g6 26. Qg4 f5 27. exf5 gxf5 28. Qg7 e4 29. dxe4 fxe4 30. h5 Qf5 31. h6 b5 32. Ne3 Qc5 33. h7 Ne6 34. Qc3 Qxc3 35. Bxc3 b4 36. Bf6 Rh8 37. Bxh8 Rxh8 38. Rg8+ 1-0


[Site "https://www.chess.com"]

[Event "Titled Tuesday Blitz August 22 Early 2023"]
[White "disciplinedbrat"]
[Black "Hnydiuk, Aleksander"]
[BlackFideId "1109057"]
[WhiteElo "2333"]
[BlackElo "2557"]
[Result "0-1"]
[Round "3"]
[TimeControl "180+1"]
[Date "2023.08.22"]
[WhiteClock "0:00:32"]
[BlackClock "0:02:26"]
[Board "156"]

1. b3 d5 2. Bb2 Bf5 3. Nf3 e6 4. a3 c5 5. e3 Nc6 6. Be2 h6 7. O-O Nf6 8. d3 Be7 9. Nbd2 O-O 10. e4 dxe4 11. dxe4 Nxe4 12. Nxe4 Bxe4 13. Qc1 Bf6 14. Rd1 Bxb2 15. Qxb2 Qf6 16. Qxf6 gxf6 17. Ne1 Rad8 18. f3 Bg6 19. Nd3 Nd4 20. Bf1 Nxc2 21. Rac1 Ne3 22. Nxc5 Rxd1 0-1


[Site "https://www.chess.com"]

[Event "Titled Tuesday Blitz August 22 Early 2023"]
[White "Chor, Kevin"]
[Black "Carre, Sylvain"]
[WhiteFideId "2090740"]
[BlackFideId "642118"]
[WhiteElo "2557"]
[BlackElo "2330"]
[Result "1-0"]
[Round "3"]
[TimeControl "180+1"]
[Date "2023.08.22"]
[WhiteClock "0:00:09"]
[BlackClock "0:00:00"]
[Board "157"]

1. d4 d5 2. c4 c6 3. Nf3 Nf6 4. e3 Bf5 5. Nc3 e6 6. Be2 h6 7. O-O Be7 8. Ne5 Nbd7 9. f4 Nxe5 10. fxe5 Ne4 11. cxd5 Nxc3 12. bxc3 Qxd5 13. Bf3 Qd7 14. e4 Bg6 15. Bh5 O-O 16. Bxg6 fxg6 17. Rxf8+ Rxf8 18. Qg4 Kh7 19. Be3 Ba3 20. Rd1 Qf7 21. c4 b6 22. d5 exd5 23. exd5 Bc5 24. Bxc5 bxc5 25. Qe2 cxd5 26. cxd5 c4 27. e6 Qf4 28. e7 Re8 29. d6 c3 30. d7 Rxe7 31. Qxe7 c2 32. d8=Q c1=Q 33. Rxc1 Qxc1+ 34. Kf2 Qf4+ 35. Ke2 Qc4+ 36. Ke3 Qc1+ 37. Kd4 Qd2+ 38. Ke5 Qe3+ 39. Kd6 Qa3+ 40. Ke6 Qe3+ 41. Kf7 Qf4+ 42. Ke8 1-0


[Site "https://www.chess.com"]

[Event "Titled Tuesday Blitz August 22 Early 2023"]
[White "kaanadayhamle"]
[Black "Ilkhomi, Jaloliddin"]
[BlackFideId "14700948"]
[WhiteElo "2330"]
[BlackElo "2555"]
[Result "0-1"]
[Round "3"]
[TimeControl "180+1"]
[Date "2023.08.22"]
[WhiteClock "0:01:46"]
[BlackClock "0:02:04"]
[Board "158"]

1. e4 e6 2. d3 d5 3. Nc3 Nc6 4. f4 dxe4 5. dxe4 Qxd1+ 6. Nxd1 Bb4+ 7. c3 Bc5 8. Nf3 Nf6 9. Bd3 Bd7 10. Be3 Bxe3 11. Nxe3 O-O-O 12. O-O-O h6 13. Rhe1 Rhe8 14. e5 Nd5 15. Nxd5 exd5 16. Nd4 Nxd4 17. cxd4 Bg4 18. Be2 Bxe2 19. Rxe2 f6 20. Kd2 Kd7 21. Kd3 f5 22. h3 g5 23. fxg5 hxg5 24. Rf1 Ke6 25. Ref2 Rf8 26. b4 c6 27. a4 a5 28. Rb1 Ra8 29. b5 Rfc8 30. Rfb2 c5 31. dxc5 Rxc5 32. b6 Rac8 33. Rb5 Rc3+ 34. Ke2 Rc2+ 35. Kf1 d4 36. Rxa5 d3 37. Rd1 Rc1 38. Ke1 R8c2 39. Rxc1 d2+ 40. Kd1 dxc1=Q# 0-1


[Site "https://www.chess.com"]

[Event "Titled Tuesday Blitz August 22 Early 2023"]
[White "Taboas Rodriguez, Daniel"]
[Black "Afanasieva, Alexandra"]
[WhiteFideId "2208466"]
[BlackFideId "34126926"]
[WhiteElo "2555"]
[BlackElo "2326"]
[Result "1-0"]
[Round "3"]
[TimeControl "180+1"]
[Date "2023.08.22"]
[WhiteClock "0:00:56"]
[BlackClock "0:00:00"]
[Board "159"]

1. d4 d5 2. Nf3 Nf6 3. c4 e6 4. Bg5 c5 5. cxd5 exd5 6. Nc3 Be6 7. e3 Be7 8. Bb5+ Nbd7 9. dxc5 O-O 10. c6 bxc6 11. Bxc6 Rc8 12. Nd4 Ne5 13. Bb5 Bb4 14. O-O Bxc3 15. bxc3 Rxc3 16. Qa4 Qc7 17. Bxf6 gxf6 18. Be2 Rc5 19. Nb5 Qb6 20. Rab1 Bd7 21. Qxa7 Qxa7 22. Nxa7 Ra5 23. Nb5 Bxb5 24. Bxb5 Rxa2 25. Rfd1 Rd8 26. h3 Rc2 27. Kf1 Kg7 28. Be2 Nc4 29. Rbc1 Rxc1 30. Rxc1 Ne5 31. Rd1 Kf8 32. Rd4 Ke7 33. f4 Ng6 34. Bf3 Ke6 35. g4 f5 36. gxf5+ Kxf5 37. Bxd5 Kf6 38. Kf2 Ne7 39. e4 Rb8 40. e5+ Kf5 41. Bf3 Rb2+ 42. Kg3 Ke6 43. Rd6+ Kf5 44. Bg4+ Ke4 45. Rd7 Ng6 46. Bf3+ Ke3 47. Rxf7 Rb4 48. e6 Rb8 49. f5 1-0


[Site "https://www.chess.com"]

[Event "Titled Tuesday Blitz August 22 Early 2023"]
[White "Postlmayer, Jakob"]
[Black "Zeck_CH"]
[WhiteFideId "1643622"]
[WhiteElo "2553"]
[BlackElo "2324"]
[Result "1/2-1/2"]
[Round "3"]
[TimeControl "180+1"]
[Date "2023.08.22"]
[WhiteClock "0:00:21"]
[BlackClock "0:00:40"]
[Board "160"]

1. e4 c6 2. d4 g6 3. Nc3 d5 4. Nf3 Bg7 5. h3 Nf6 6. Bd3 dxe4 7. Nxe4 Nxe4 8. Bxe4 O-O 9. O-O Nd7 10. Re1 Qc7 11. Bd3 e5 12. dxe5 Nxe5 13. Nxe5 Bxe5 14. Bh6 Bg7 15. Bxg7 Kxg7 16. Bc4 Qf4 17. Bb3 a5 18. a4 Qf6 19. c3 h5 20. Qe2 Bf5 21. Rad1 Rad8 22. Qe3 Rxd1 23. Rxd1 Rd8 24. Kf1 Rxd1+ 25. Bxd1 Qd8 26. Be2 Be6 27. Qe5+ Kg8 28. c4 Qd2 29. f4 1/2-1/2


[Site "https://www.chess.com"]

[Event "Titled Tuesday Blitz August 22 Early 2023"]
[White "FoxOnTheRun97"]
[Black "Sovetbekova, Nurai"]
[BlackFideId "13801910"]
[WhiteElo "2552"]
[BlackElo "2324"]
[Result "1-0"]
[Round "3"]
[TimeControl "180+1"]
[Date "2023.08.22"]
[WhiteClock "0:00:35"]
[BlackClock "0:00:05"]
[Board "161"]

1. d4 Nf6 2. c4 e6 3. Nf3 d5 4. g3 dxc4 5. Bg2 c5 6. O-O Nc6 7. dxc5 Qxd1 8. Rxd1 Bxc5 9. Nbd2 c3 10. bxc3 O-O 11. Nb3 Be7 12. Bf4 Bd7 13. Ne5 Nxe5 14. Bxe5 Bc6 15. Bxc6 bxc6 16. Na5 Rac8 17. Bd6 Bxd6 18. Rxd6 Ne4 19. Rxc6 Nxc3 20. e3 h6 21. Kg2 Rfd8 22. Rc1 Rxc6 23. Nxc6 Nxa2 24. Rc2 Rd6 25. e4 f6 26. f4 e5 27. fxe5 fxe5 28. Nxe5 Nb4 29. Rc8+ Kh7 30. Ra8 Re6 31. Nd7 Rxe4 32. Rxa7 Nc6 33. Rc7 Re6 34. Nf8+ 1-0


[Site "https://www.chess.com"]

[Event "Titled Tuesday Blitz August 22 Early 2023"]
[White "Martinez Reyes, Pedro Ramon"]
[Black "Blokhin, Sofia"]
[WhiteFideId "3901807"]
[BlackFideId "4508190"]
[WhiteElo "2549"]
[BlackElo "2307"]
[Result "1-0"]
[Round "3"]
[TimeControl "180+1"]
[Date "2023.08.22"]
[WhiteClock "0:00:26"]
[BlackClock "0:00:01"]
[Board "162"]

1. d4 f5 2. c4 Nf6 3. e3 g6 4. Nf3 Bg7 5. b4 O-O 6. Bb2 d6 7. Be2 b6 8. d5 c6 9. dxc6 Nxc6 10. a3 Bb7 11. O-O e5 12. Nc3 a5 13. Nb5 Ne8 14. Bc3 e4 15. Nfd4 Ne5 16. Qb3 Qe7 17. c5+ Kh8 18. cxb6 f4 19. Qe6 Qg5 20. exf4 Qxf4 21. Qh3 Nf6 22. Qg3 Qxg3 23. hxg3 Nd5 24. Bb2 e3 25. f4 Nc6 26. Rfd1 axb4 27. a4 Nxd4 28. Bxd4 Bxd4 29. Rxd4 Nc3 30. Nxc3 bxc3 31. Rc4 Rfc8 32. Rxc8+ Rxc8 33. a5 Ra8 34. a6 c2 35. a7 d5 36. Rc1 d4 37. Bd3 Bd5 38. Kf1 Rc8 39. Rxc2 Rxc2 40. Bxc2 Kg7 41. Bd1 Kf8 42. Bf3 Bc4+ 43. Ke1 d3 44. a8=Q+ Kg7 45. Qb7+ Kh6 46. Qd7 d2+ 47. Qxd2 exd2+ 48. Kxd2 Ba6 49. g4 Kg7 50. g5 Kf7 51. b7 Bxb7 52. Bxb7 Ke6 53. Be4 Kd6 54. Ke3 Kc5 55. Kd3 Kd6 56. Kd4 Ke6 57. g3 Kd6 58. g4 Ke6 59. f5+ gxf5 60. gxf5+ Kf7 61. Ke5 Kg7 62. f6+ Kf7 63. Bxh7 Kf8 64. g6 Ke8 65. g7 Kd7 66. g8=Q 1-0


[Site "https://www.chess.com"]

[Event "Titled Tuesday Blitz August 22 Early 2023"]
[White "Yelisieiev, Yevhenii"]
[Black "Juicy_Fork"]
[WhiteFideId "14139642"]
[WhiteElo "2548"]
[BlackElo "2292"]
[Result "0-1"]
[Round "3"]
[TimeControl "180+1"]
[Date "2023.08.22"]
[WhiteClock "0:00:52"]
[BlackClock "0:01:24"]
[Board "163"]

1. d4 Nf6 2. Nf3 g6 3. g3 Bg7 4. Bg2 O-O 5. O-O d6 6. b3 c5 7. Bb2 cxd4 8. Nxd4 d5 9. c4 e5 10. Nf3 e4 11. Nd4 Nc6 12. cxd5 Qxd5 13. Nxc6 Qxc6 14. Nc3 Bf5 15. Rc1 Qe6 16. e3 Rfd8 17. Qc2 Rac8 18. Rfd1 Nd5 19. Qd2 Bxc3 20. Bxc3 Bg4 21. Qd4 Rxc3 22. Rxc3 Bxd1 23. Bxe4 Nxc3 24. Qxd8+ Kg7 25. Bxb7 Qf6 26. Qxf6+ Kxf6 27. a4 a5 28. b4 axb4 29. a5 b3 30. a6 b2 31. a7 b1=Q 32. Kg2 Qxb7+ 0-1


[Site "https://www.chess.com"]

[Event "Titled Tuesday Blitz August 22 Early 2023"]
[White "Pavlidis, Anastasios"]
[Black "Ismayil, Malak"]
[WhiteFideId "4208404"]
[BlackFideId "13412604"]
[WhiteElo "2299"]
[BlackElo "2548"]
[Result "1-0"]
[Round "3"]
[TimeControl "180+1"]
[Date "2023.08.22"]
[WhiteClock "0:00:06"]
[BlackClock "0:00:00"]
[Board "164"]

1. d4 Nf6 2. c4 e6 3. Nf3 d5 4. Nc3 Be7 5. Bf4 O-O 6. e3 a6 7. Bd3 dxc4 8. Bxc4 b5 9. Bd3 Bb7 10. O-O c5 11. Rc1 c4 12. Bb1 Nbd7 13. Qe2 Nb6 14. a3 Nbd5 15. Bg3 Nxc3 16. Rxc3 Be4 17. Ne5 Rc8 18. f3 Bxb1 19. Rxb1 h5 20. Rd1 Qb6 21. Bf2 Rfd8 22. Rc2 a5 23. e4 Qb7 24. a4 bxa4 25. Nxc4 Bb4 26. Bh4 Be7 27. Nxa5 Rxc2 28. Qxc2 Qc8 29. Nc6 Bf8 30. Bxf6 gxf6 31. Qxa4 Qd7 32. Rc1 Bg7 33. Qa5 Re8 34. Qxh5 Kf8 35. Qc5+ Kg8 36. Qa7 Qd6 37. Qa3 Qf4 38. Re1 Qd2 39. Qc3 Qf4 40. g3 Qd6 41. b4 Kh8 42. b5 Rc8 43. Qc5 Qd7 44. Rc1 f5 45. e5 Bf8 46. Qc3 Qb7 47. Qd3 Qb6 48. Kg2 Bh6 49. Rc2 Rc7 50. Qc4 Rb7 51. Rb2 Rc7 52. Qc5 Qb7 53. Qd6 Rd7 54. Qc5 Rd5 55. Qc4 Qb6 56. Ra2 Be3 57. Ra8+ Kg7 58. Ne7 Rxd4 59. Rg8+ Kh7 60. Qc8 Rd2+ 61. Kh3 1-0


[Site "https://www.chess.com"]

[Event "Titled Tuesday Blitz August 22 Early 2023"]
[White "Ruge, Edison"]
[Black "To, Nhat Minh"]
[WhiteFideId "4401000"]
[BlackFideId "729019"]
[WhiteElo "2283"]
[BlackElo "2547"]
[Result "0-1"]
[Round "3"]
[TimeControl "180+1"]
[Date "2023.08.22"]
[WhiteClock "0:00:01"]
[BlackClock "0:00:04"]
[Board "165"]

1. e4 c5 2. Nf3 d6 3. d3 Nf6 4. Nbd2 g6 5. g3 Bg7 6. Bg2 O-O 7. h4 Nc6 8. h5 Nxh5 9. Rxh5 gxh5 10. Nh2 f5 11. Qxh5 Qe8 12. Qd1 Kh8 13. c3 e5 14. Nc4 Qg6 15. Qe2 f4 16. Nf1 Be6 17. Bf3 fxg3 18. Nxg3 Bh6 19. Bh5 Qf6 20. Be3 Rad8 21. O-O-O Bf4 22. Rh1 b5 23. Nd2 Bxe3 24. fxe3 Qf2 25. Qxf2 Rxf2 26. Nf5 Rg8 27. Nxd6 Rd8 28. Ne8 Rxd3 29. Bg6 Bg8 30. Nb3 Rxe3 31. Nxc5 Ne7 32. Bh5 Rg3 33. Nd7 Rgg2 34. Nxe5 Rc2+ 35. Kd1 Rxb2 36. Nd3 Rxa2 37. Nf6 Rgd2+ 38. Ke1 Rxd3 39. Nxg8 Ra1+ 40. Ke2 Rxh1 41. Kxd3 Kxg8 42. Bg4 Kf8 43. Be6 Ng6 44. Kd4 Ke7 45. Bd5 Kd6 0-1


[Site "https://www.chess.com"]

[Event "Titled Tuesday Blitz August 22 Early 2023"]
[White "Lacasa Diaz, Jose Antonio"]
[Black "Shishkov, Andrei"]
[WhiteFideId "2203375"]
[BlackFideId "4500563"]
[WhiteElo "2280"]
[BlackElo "2542"]
[Result "1-0"]
[Round "3"]
[TimeControl "180+1"]
[Date "2023.08.22"]
[WhiteClock "0:00:13"]
[BlackClock "0:00:00"]
[Board "166"]

1. e4 c6 2. d4 d5 3. exd5 cxd5 4. c4 Nf6 5. Nc3 Nc6 6. Nf3 Bg4 7. cxd5 Nxd5 8. Qb3 Bxf3 9. gxf3 e6 10. Qxb7 Nxd4 11. Bb5+ Nxb5 12. Qc6+ Ke7 13. Qxb5 Qd7 14. Nxd5+ Qxd5 15. Bg5+ f6 16. Qxd5 exd5 17. Be3 Ke6 18. O-O-O Bb4 19. Kb1 Rhd8 20. Rd3 Ba5 21. Rhd1 Bb6 22. Rb3 Rd6 23. Bxb6 axb6 24. Re3+ Kf7 25. Rde1 Ra7 26. Re8 h5 27. Rh8 Kg6 28. Rg1+ Kf5 29. Rxh5+ Kf4 30. Rh3 Re7 31. Rg4+ Kf5 32. Rhg3 Re1+ 33. Kc2 Re2+ 34. Kb3 Rxf2 35. Rxg7 Rxh2 36. Rg2 Rxg2 37. Rxg2 Kf4 38. Kc3 Ke3 39. Kc2 d4 40. a4 Kxf3 41. Rd2 Ke3 42. Rd3+ Ke4 43. b4 f5 44. a5 bxa5 45. bxa5 Rc6+ 46. Kd2 Rh6 47. Ra3 Rh2+ 48. Ke1 d3 49. a6 Ke3 50. Kf1 Rh8 51. a7 Ra8 52. Ke1 f4 53. Ra6 f3 54. Re6+ Kd4 55. Ra6 Kc3 56. Rc6+ 1-0


[Site "https://www.chess.com"]

[Event "Titled Tuesday Blitz August 22 Early 2023"]
[White "Gontcharov, Vladislav"]
[Black "Tiarks, Jann-Christian"]
[WhiteFideId "4123492"]
[BlackFideId "12951595"]
[WhiteElo "2542"]
[BlackElo "2292"]
[Result "1/2-1/2"]
[Round "3"]
[TimeControl "180+1"]
[Date "2023.08.22"]
[WhiteClock "0:00:24"]
[BlackClock "0:00:23"]
[Board "167"]

1. d4 Nf6 2. c4 e6 3. Nf3 d5 4. Nc3 Be7 5. Bg5 O-O 6. e3 b6 7. cxd5 exd5 8. Be2 Bb7 9. O-O Nbd7 10. a3 h6 11. Bh4 c5 12. dxc5 Nxc5 13. Nd4 Nfe4 14. Bxe7 Qxe7 15. Rc1 Nxc3 16. Rxc3 Ne4 17. Rc1 Rac8 18. Qa4 a5 19. Qb5 Qf6 20. Rcd1 Rc5 21. Qd7 Bc8 22. Qa7 Qg6 23. Bf3 Ng5 24. Kh1 Nxf3 25. Nxf3 Bg4 26. Ne5 Qh5 27. Nxg4 Qxg4 28. Qxb6 Rc2 29. Rxd5 Rfc8 30. Rd8+ Rxd8 31. Qxd8+ Kh7 32. Qd3+ Qg6 33. Qxg6+ Kxg6 34. b4 axb4 35. axb4 Rb2 36. h4 Rxb4 37. g3 h5 38. Kg2 Kf6 39. Rc1 g6 40. Rc5 Rb2 41. Kf3 Ra2 42. Rc4 Rb2 43. g4 hxg4+ 44. Rxg4 Rb1 45. Rf4+ Ke6 46. Rg4 Rh1 47. Kf4 Kf6 48. Kg3 Rg1+ 49. Kh3 Rh1+ 50. Kg2 Ra1 51. Rg5 Ra4 52. Kg3 Ra1 53. Rb5 Rg1+ 54. Kh2 Rf1 55. Kg2 Rc1 56. h5 gxh5 57. Rxh5 Rc2 58. Rb5 Ra2 59. Kg3 Ra1 60. f3 Re1 61. Kf4 Ra1 62. e4 Ra3 63. Rb6+ Ke7 64. Kg4 Ra5 65. f4 Rc5 66. e5 Ra5 67. Kf5 Rc5 68. Rb7+ Ke8 69. Kg5 Ra5 70. f5 Rxe5 71. Kf6 Ra5 72. Re7+ Kf8 73. Rxf7+ Kg8 74. Rg7+ Kf8 75. Rb7 Ra6+ 76. Kg5 Rc6 77. Rb5 Ra6 78. Re5 Kf7 79. Rb5 Rc6 80. Rb7+ Kf8 81. f6 Rc1 82. Kg6 Rg1+ 83. Kf5 Rf1+ 84. Kg6 Rg1+ 85. Kf5 Rf1+ 86. Kg6 Rg1+ 1/2-1/2


[Site "https://www.chess.com"]